 Dungeon Crawl Stone Soup version 0.29.0-4-gdea44cf6ec (webtiles) character file.

Game seed: 6043070408373436555

0 qw the Sneak (level 1, -3/10 HPs)
             Began as a Felid Delver on Aug 27, 2022.
             Slain by a hound (5 damage)
             ... on level 4 of the Dungeon.
             The game lasted 00:00:00 (94 turns).

qw the Sneak (Felid Delver)                           Turns: 94, Time: 00:00:01

Health: -3/10      AC:  1    Str:  8    XL:     1   Next: 8%
Magic:  2/2        EV: 17    Int: 11    God:
Gold:   0          SH:  0    Dex: 17    Spells: 0/0 levels left
                                        Lives:  0   Deaths: 0

rFire   . . .      SeeInvis +     - Unarmed
rCold   . . .      Faith    .   (shield unavailable)
rNeg    . . .      Spirit   .   (body armour unavailable)
rPois   .          Reflect  .   (helmet unavailable)
rElec   .          Harm     .   (cloak unavailable)
rCorr   .          Rampage  .   (gloves unavailable)
Will    .....                   (boots unavailable)
Stlth   +++.......              (no amulet)
HPRegen 0.03/turn               (no ring)
MPRegen 0.08/turn               (no ring)

@: quick
A: very small, claws 1, fangs 3, see invisible, speed 1, shaggy fur 1, stealthy
paws, no weapons or thrown items, no armour, multi-lived
a: no special abilities


You were on level 4 of the Dungeon.
You visited 1 branch of the dungeon, and saw 2 of its levels.


Innate Abilities, Weirdness & Mutations

You have sharp claws.
You have razor-sharp teeth.
You have supernaturally acute eyesight. (SInv)
You cover ground quickly. (Speed+)
You are covered in fur. (AC +1)
Your paws help you pounce on unaware monsters.
You are incapable of wielding weapons or throwing items.
You cannot wear armour.
You gain extra lives every three experience levels.


   Skills:
 - Level 3.0 Fighting
 - Level 2.6 Dodging
 - Level 6.6 Stealth
 + Level 2.0 Unarmed Combat


You couldn't memorise any spells.
You didn't know any spells.
Your spell library was empty.

Inventory:

Wands
 e - a wand of digging (3)
Potions
 d - a potion of haste

Dungeon Overview and Level Annotations

Branches:
Dungeon (5/15)
 Temple: D:4-7

Altars:


Message History

The howler monkey is moderately wounded.
The howler monkey hoots and howls with incredible vigour!
You hear an angry hiss.
You hear a bark! x2
You scratch the howler monkey.
The howler monkey is heavily wounded.
The howler monkey barely misses you.
You closely miss the howler monkey.
The howler monkey is heavily wounded.
The howler monkey barely misses you. The howler monkey misses you.
You scratch the howler monkey but do no damage.
The howler monkey is heavily wounded.
The howler monkey hoots and howls with incredible vigour!
You hear a bark!
You barely miss the howler monkey.
The howler monkey is heavily wounded.
The howler monkey barely misses you.
You closely miss the howler monkey. Your bite misses the howler monkey.
The howler monkey is heavily wounded.
The howler monkey closely misses you.
You scratch the howler monkey.
The howler monkey is severely wounded.
The howler monkey hits you.
A hound comes into view.
You closely miss the howler monkey.
The howler monkey is severely wounded.
The howler monkey closely misses you.
You scratch the howler monkey but do no damage.
Your bite misses the howler monkey.
The howler monkey is severely wounded.
The howler monkey completely misses you.
You scratch the howler monkey.
The howler monkey is almost dead.
The howler monkey completely misses you.
A ball python comes into view.
The howler monkey completely misses you.
You scratch the howler monkey.
You kill the howler monkey!
The hound bites you.
Ouch! That really hurt!
You die...

.. ##.# S..#
#..# #..#
#.###..#
#...%h.#
#####@####
#........#
#.###.##.#
#.##.######
#....)....#
####>####....
#.# # #.# ..#


You could see a hound and a ball python.

Vanquished Creatures
  A howler monkey (D:4)
  A kobold (D:4)
2 creatures vanquished.

Vanquished Creatures (others)
  9 plants (D:4)
9 creatures vanquished.

Grand Total: 11 creatures vanquished

Notes
Turn   | Place    | Note
-------+----------+-------------------------------------------
     0 | D:5      | qw the Felid Delver began the quest for the Orb.
     0 | D:5      | Reached XP level 1. HP: 10/10 MP: 2/2
     0 | D:5      | 0 ||| qw: Version: 0.1-a-89-g26bdef1
     0 | D:5      | 0 ||| qw: Game counter: 104
     0 | D:5      | 0 ||| qw: Always use a shield: true
     0 | D:5      | 0 ||| qw: God list: Okawaru, Trog
     0 | D:5      | 0 ||| qw: Allow faded altars: false
     0 | D:5      | 0 ||| qw: Do Orc after D:15 true
     0 | D:5      | 0 ||| qw: Do second Lair branch before Depths: true
     0 | D:5      | 0 ||| qw: Lair rune preference: random
     0 | D:5      | 0 ||| qw: Plans: Normal
     0 | D:5      | 0 ||| PLANNING D:1-11
     0 | D:5      | 0 ||| DROPPING scroll of fog.
     1 | D:5      | 1 ||| DROPPING scroll of magic mapping.
     2 | D:5      | 2 ||| DROPPING scroll of fear.
    74 | D:4      | Noticed a howler monkey
    75 | D:4      | 75 ||| Stepping ~*~*~tactically~*~*~ (stealth).
    90 | D:4      | HP: 2/10 [howler monkey (1)]
    90 | D:4      | Noticed a hound
    94 | D:4      | Killed a howler monkey
    94 | D:4      | Slain by a hound

Levels and vault maps discovered:
D:4:      layout_loops_corners, nicolae_overflow_squiral,
          nicolae_tso_swordbearing_angel, temple_doors_e,
          amcnicky_mini_corridor_feature, kennysheep_path_1, minmay_lizard_king
D:5:      layout_loops_cross, uniq_eustachio

Action                   || total
-------------------------++-------
Melee: Unarmed           ||    18
Dodge: Dodged            ||    14

Table legend:
 A = Non-vault XP
 B = Vault XP
 C = Vault XP percentage of total XP
 D = Non-vault monster count
 E = Vault monster count
 F = Vault count percentage of total count
                 A         B        C        D         E       F
            +---------+---------+-------+---------+---------+-------
      Total |      56 |       0 |   0.0 |       2 |       0 |   0.0
            +---------+---------+-------+---------+---------+-------
        D:4 |      56 |       0 |   0.0 |       2 |       0 |   0.0
            +---------+---------+-------+---------+---------+-------
